 Dungeon Crawl Stone Soup version 0.27-a0-1312-g5cdb2b3542 (webtiles) character file.

Game seed: 1085591244566012270

791 MirrMurr the Shield-Bearer (level 7, -2/60 HPs)
             Began as a Gnoll Fighter on June 20, 2021.
             Was a Follower of Okawaru.
             Slain by an acid dragon (3 damage)
             ... on level 5 of the Dungeon.
             The game lasted 00:10:02 (5842 turns).

MirrMurr the Shield-Bearer (Gnoll Fighter)          Turns: 5842, Time: 00:10:03

Health: -2/60      AC:  3    Str: 16    XL:     7   Next: 88%
Magic:  20/20      EV:  8    Int:  9    God:    Okawaru [*.....]
Gold:   336        SH: 11    Dex: 11    Spells: 11/11 levels left

rFire    . . .     SeeInvis .   a - +0 trident
rCold    . . .     Faith    +   c - +1 kite shield
rNeg     . . .     Spirit   .   b - +0 scale mail
rPois    +         Reflect  .   (no helmet)
rElec    .         Harm     .   (no cloak)
rCorr    .         Rampage  .   (no gloves)
Will     .....                  (no boots)
Stlth    +.........             r - amulet of faith
HPRegen  0.20/turn              o - ring of poison resistance
MPRegen  0.17/turn              w - ring of magical power

@: corroded
A: fangs 1, strong nose, distributed training
a: Renounce Religion, Heroism


You were on level 5 of the Dungeon.
You worshipped Okawaru.
Okawaru was aware of your devotion.
You visited 2 branches of the dungeon, and saw 6 of its levels.
You also visited: Ossuary.

You collected 336 gold pieces.

Inventory:

Hand Weapons
 a - a +0 trident (weapon)
Missiles
 e - 131 stones (quivered)
 f - 70 sling bullets
 j - 19 poisoned darts
Armour
 b - a +0 scale mail (worn)
 c - a +1 kite shield (worn)
Jewellery
 o - a ring of poison resistance (left hand)
 r - an amulet of faith (around neck)
 s - an amulet of the acrobat
 w - a ring of magical power (right hand)
Wands
 t - a wand of flame (25)
Scrolls
 d - 2 scrolls of enchant armour
 l - 4 scrolls of teleportation
 y - 2 scrolls of identify
Potions
 g - 3 potions of flight
 h - 3 potions of mutation
 i - a potion of brilliance
 k - a potion of berserk rage {unknown}
 m - a potion of lignification
 n - a potion of invisibility
 p - a potion of magic
 u - 2 potions of haste {unknown}
 v - a potion of cancellation {unknown}
 x - 2 potions of attraction {unknown}
 z - 3 potions of curing
 A - 2 potions of degeneration {unknown}


   Skills:
 + Level 7.1 Fighting
 + Level 2.7 Short Blades
 + Level 2.7 Long Blades
 + Level 2.7 Axes
 + Level 2.7 Maces & Flails
 + Level 5.4 Polearms
 + Level 2.7 Staves
 + Level 2.7 Slings
 + Level 2.7 Bows
 + Level 2.7 Crossbows
 + Level 2.7 Throwing
 + Level 7.1 Armour
 + Level 2.7 Dodging
 + Level 2.7 Stealth
 + Level 7.1 Shields
 + Level 2.7 Unarmed Combat
 + Level 2.7 Spellcasting
 + Level 2.2 Conjurations
 + Level 2.2 Hexes
 + Level 2.2 Summonings
 + Level 2.2 Necromancy
 + Level 2.2 Translocations
 + Level 2.2 Transmutations
 + Level 2.2 Fire Magic
 + Level 2.2 Ice Magic
 + Level 2.2 Air Magic
 + Level 2.2 Earth Magic
 + Level 2.2 Poison Magic
 + Level 3.0 Invocations
 + Level 2.7 Evocations


You had 11 spell levels left.
You didn't know any spells.
Your spell library contained the following spells:

 Spells                   Type           Power      Damage    Failure   Level
 Beastly Appendage        Tmut           10%        N/A       71%         1
 Wereblood                Tmut           5%         N/A       85%         2
 Spider Form              Tmut/Pois      2%         N/A       97%         3
 Ice Form                 Ice/Tmut       5%         N/A       100%        4


Dungeon Overview and Level Annotations

Branches:
Dungeon (5/15)             Temple (1/1) D:4         Ossuary (visited)

Altars:
Ashenzari
Cheibriados
Kikubaaqudgha
Okawaru
Qazlal
Vehumet
Xom

Annotations:
D:5 1 transporter


Innate Abilities, Weirdness & Mutations

You have very sharp teeth.
Your uncanny sense of smell can sniff out nearby items.
Your experience applies equally to all skills.


Message History

You completely miss the black bear.
The black bear is almost dead.
The black bear bites you. You block the black bear's attack.
The black bear claws you but does no damage.
The black bear closely misses you. The black bear claws you.
You block the black bear's attack.
You hit the black bear.
The black bear is almost dead.
The black bear bites you! The black bear barely misses you.
The black bear claws you. The black bear bites you. The black bear claws you.
You block the black bear's attack.
You puncture the black bear!
You kill the black bear!
Okawaru is honoured by your kill.
Your Invocations skill increases to level 3!
Your shield and scale mail prevent you from hitting the acid dragon.
You block the acid dragon's attack.
The acid dragon claws you but does no damage.
Your shield prevents you from hitting the acid dragon.
The acid dragon spits acid at you. The splash of acid hits you.
The acid corrodes you!
You are splashed with acid.
* * * LOW HITPOINT WARNING * * *
You barely miss the acid dragon. The acid dragon bites you!
* * * LOW HITPOINT WARNING * * *
The acid dragon claws you.
* * * LOW HITPOINT WARNING * * *
You feel much better. The acid dragon barely misses you.
You block the acid dragon's attack.
You hit the acid dragon but do no damage.
Your bite misses the acid dragon. The acid dragon bites you.
* * * LOW HITPOINT WARNING * * *
The acid dragon barely misses you.
You puncture the acid dragon!
The acid dragon is moderately wounded.
The acid dragon bites you.
* * * LOW HITPOINT WARNING * * *
You block the acid dragon's attack. The acid dragon bites you!
* * * LOW HITPOINT WARNING * * *
The acid dragon claws you.
You die...

.#..#..####.....#
.####....#...##..#
.. ........##
##..# ........##
### .........#
....#....##
..........##
#..........####
####.....#.D@.#
#.....######
#....## #....#
...... >......
.... ....... ...#
...##


You could see an acid dragon.

Vanquished Creatures
  Sigmund (D:2)
  2 black bears (D:5)
  A sky beast (D:4)
  A water moccasin zombie (Ossuary)
  3 jellies
  A centaur skeleton (D:4)
  Jessica (D:3)
  2 mummies (Ossuary)
  4 adders
  3 adder zombies (Ossuary)
  A worm (D:3)
  A dart slug (D:1)
  3 orcs
  7 ball pythons
  4 bats
  6 endoplasms
  2 giant cockroaches (D:4)
  11 goblins
  3 hobgoblins
  2 iguanas
  4 jackals (D:2)
  6 kobolds
  3 quokkas
  4 frilled lizards
  4 gnoll zombies (Ossuary)
  A hobgoblin zombie (Ossuary)
  4 kobold zombies (Ossuary)
  7 orc zombies (Ossuary)
  9 rats
101 creatures vanquished.

Vanquished Creatures (others)
  A howler monkey skeleton (D:4)
  6 plants (D:5)
  5 toadstools (D:1)
12 creatures vanquished.

Grand Total: 113 creatures vanquished

Notes
Turn   | Place    | Note
-------+----------+-------------------------------------------
     0 | D:1      | MirrMurr the Gnoll Fighter began the quest for the Orb.
     0 | D:1      | Reached XP level 1. HP: 23/23 MP: 1/1
   272 | D:1      | Reached XP level 2. HP: 29/29 MP: 2/2
   342 | D:1      | Found a faded altar of an unknown god.
  1034 | D:2      | Reached XP level 3. HP: 35/35 MP: 3/3
  1129 | D:2      | Found a broken altar of Ashenzari.
  1246 | D:2      | Noticed Sigmund
  1294 | D:2      | Killed Sigmund
  1295 | D:2      | Reached skill level 1 in Short Blades
  1295 | D:2      | Reached skill level 1 in Long Blades
  1295 | D:2      | Reached skill level 1 in Axes
  1295 | D:2      | Reached skill level 1 in Maces & Flails
  1295 | D:2      | Reached skill level 1 in Staves
  1295 | D:2      | Reached skill level 1 in Slings
  1295 | D:2      | Reached skill level 1 in Bows
  1295 | D:2      | Reached skill level 1 in Crossbows
  1295 | D:2      | Reached skill level 1 in Throwing
  1295 | D:2      | Reached skill level 1 in Dodging
  1295 | D:2      | Reached skill level 1 in Stealth
  1295 | D:2      | Reached skill level 1 in Unarmed Combat
  1295 | D:2      | Reached skill level 1 in Spellcasting
  1295 | D:2      | Reached skill level 1 in Conjurations
  1295 | D:2      | Reached skill level 1 in Hexes
  1295 | D:2      | Reached skill level 1 in Summonings
  1295 | D:2      | Reached skill level 1 in Necromancy
  1295 | D:2      | Reached skill level 1 in Translocations
  1295 | D:2      | Reached skill level 1 in Transmutations
  1295 | D:2      | Reached skill level 1 in Fire Magic
  1295 | D:2      | Reached skill level 1 in Ice Magic
  1295 | D:2      | Reached skill level 1 in Air Magic
  1295 | D:2      | Reached skill level 1 in Earth Magic
  1295 | D:2      | Reached skill level 1 in Poison Magic
  1295 | D:2      | Reached skill level 1 in Invocations
  1295 | D:2      | Reached skill level 1 in Evocations
  1295 | D:2      | Reached XP level 4. HP: 38/41 MP: 4/6
  1295 | D:2      | Reached XP level 5. HP: 43/47 MP: 4/7
  2429 | D:3      | Noticed Jessica
  2438 | D:3      | Killed Jessica
  2439 | D:3      | Reached XP level 6. HP: 49/53 MP: 8/8
  3229 | D:4      | Reached skill level 5 in Polearms
  3257 | D:4      | Found a staircase to the Ecumenical Temple.
  3265 | Temple   | Entered the Ecumenical Temple
  3277 | Temple   | Became a worshipper of Warmaster Okawaru
  3401 | D:4      | Found a stormy altar of Qazlal.
  3436 | D:4      | Noticed a sky beast
  3459 | D:4      | Killed a sky beast
  3920 | D:4      | Found a shimmering altar of Xom.
  4383 | D:4      | Reached XP level 7. HP: 18/59 MP: 10/10
  4775 | D:5      | Entered Level 5 of the Dungeon
  4805 | D:5      | Found a transporter.
  5171 | D:5      | Found a radiant altar of Vehumet.
  5265 | D:5      | Found a sand-covered staircase.
  5274 | Ossuary  | Entered an ossuary
  5397 | Ossuary  | Reached * piety under Okawaru
  5842 | D:5      | HP: 1/60 [acid dragon (12)]
  5842 | D:5      | Slain by an acid dragon

Illustrated notes

Levels and vault maps discovered:
D:1:      minmay_arrival_shattered_statue, layout_basic,
          shapermc_ecumenical_altar_venn, wad_floor_pattern_untrapped,
          minmay_gold_behind_fungi, solitary_fountain, serial_bayou_ford_a,
          minmay_door_square, glass_columns_a, minmay_pentomino_q4
D:2:      layout_basic, basic_altar, hangedman_glass_teeth, st_stairs_7,
          minmay_cupped, uniq_sigmund
D:3:      layout_basic, uniq_jessica
D:4:      layout_layer_cave, grunt_qazlal_clouds, dk_xom_monty_hall,
          minmay_temple_entry_statues_fountains, minivault_27
D:5:      corexii_shack_village, layout_layer_cave, kennysheep_little_box,
          nicolae_ossuary_entry_monument, gammafunk_ghost_gnarly_gnolls
Temple:   eino_temple_scatter_basement

Skill      XL: |  1  2  3  4  5  6  7 |
---------------+----------------------+-----
Short Blades   | 1 2 |  2.7
Long Blades    | 1 2 |  2.7
Axes           | 1 2 |  2.7
Maces & Flails | 1 2 |  2.7
Staves         | 1 2 |  2.7
Slings         | 1 2 |  2.7
Bows           | 1 2 |  2.7
Crossbows      | 1 2 |  2.7
Throwing       | 1 2 |  2.7
Dodging        | 1 2 |  2.7
Stealth        | 1 2 |  2.7
Unarmed Combat | 1 2 |  2.7
Spellcasting   | 1 2 |  2.7
Conjurations   | 1 2 |  2.2
Hexes          | 1 2 |  2.2
Summonings     | 1 2 |  2.2
Necromancy     | 1 2 |  2.2
Translocations | 1 2 |  2.2
Transmutations | 1 2 |  2.2
Fire Magic     | 1 2 |  2.2
Ice Magic      | 1 2 |  2.2
Air Magic      | 1 2 |  2.2
Earth Magic    | 1 2 |  2.2
Poison Magic   | 1 2 |  2.2
Invocations    | 1 2 3 |  3.0
Evocations     | 1 2 |  2.7
Polearms       | 5 |  5.4
Fighting       | 7 |  7.1
Armour         | 7 |  7.1
Shields        | 7 |  7.1

Action                   |  1- 3 |  4- 6 |  7- 9 || total
-------------------------+-------+-------+-------++-------
Melee: Trident           |    67 |   148 |   168 ||   383
       Bite              |     2 |    12 |    27 ||    41
  Use: Potion            |     1 |     1 |     1 ||     3
       Scroll            |       |    13 |     2 ||    15
Armor: Scale mail        |    18 |    41 |    53 ||   112
Dodge: Dodged            |    15 |    33 |    30 ||    78
Block: Kite shield       |    26 |    50 |    75 ||   151

Table legend: (Time is in decaauts)
 A = Elapsed time spent in this place.
 B = Non-inter-level travel time spent in this place.
 C = Inter-level travel time spent in this place.
 D = Time resting spent in this place.
 E = Time spent auto-exploring this place.
 F = Levels seen in this place.
 G = Mean time per level.
                   A        B        C        D        E       F      G
               +--------+--------+--------+--------+--------+-----+--------+
         Total |   5931 |   5610 |    321 |    153 |   4506 |   7 |  847.3 |
       Dungeon |   5659 |   5349 |    310 |    124 |   4476 |   5 | 1131.8 |
        Temple |     22 |     12 |     10 |      0 |      6 |   1 |   22.0 |
       Ossuary |    248 |    248 |      0 |     29 |     24 |   1 |  248.0 |
               +--------+--------+--------+--------+--------+-----+--------+

Top non-repeatable levels by time:
     D:4: 1867 daAuts
     D:2: 1249 daAuts
     D:1: 1018 daAuts
     D:5: 821 daAuts
     D:3: 703 daAuts
 Ossuary: 248 daAuts
  Temple: 22 daAuts
